 Dungeon Crawl Stone Soup version 0.17.1-2-g5865329 (webtiles) character file.

247 NobbyNobbs the Skirmisher (level 6, 0/42 HPs)
             Began as a Gargoyle Gladiator on Feb 1, 2016.
             Slain by a giant frog (5 damage)
             ... in a sewer.
             The game lasted 00:04:31 (1867 turns).

NobbyNobbs the Skirmisher (Gargoyle Gladiator)      Turns: 1867, Time: 00:04:31

Health: 0/42       AC: 10    Str: 21    XL:     6   Next: 11%
Magic:  6/6        EV: 11    Int:  8    God:
Gold:   145        SH:  0    Dex: 10    Spells: 0 memorised, 5 levels left

rFire  . . .     SeeInvis .     a - +1 war axe
rCold  + . .     Clarity  .     v - +0 ring mail {rC+}
rNeg   + . .     SustAt   .     (no shield)
rPois  ∞         Gourm    .     c - +0 helmet
rElec  +         Spirit   .     (no cloak)
rCorr  .         Warding  .     (no gloves)
rMut   .         Stasis   .     (no boots)
MR     .....                    h - amulet of regeneration
Stlth  +.........               q - ring of stealth
                                (no ring)

@: very slightly contaminated, hasted, very quick, not resistant to hostile
enchantments, very unstealthy
A: negative energy resistance 1, electricity resistance, unbreathing,
petrification resistance, rot immunity, AC +4
a: no special abilities


You were in a sewer.
You were hungry.

You visited 1 branch of the dungeon, and saw 3 of its levels.
You also visited: Sewer.

You collected 145 gold pieces.

Inventory:

Hand Weapons
 a - a +1 war axe (weapon)
Missiles
 d - 3 throwing nets (quivered)
Armour
 b - a +0 leather armour
 c - a +0 helmet (worn)
 v - a +0 ring mail of cold resistance (worn)
Jewellery
 h - an amulet of regeneration (around neck)
 q - a ring of stealth (right hand)
 s - a +5 ring of dexterity {unknown}
Scrolls
 f - a scroll of identify
 g - a scroll of noise {unknown}
 i - 2 scrolls of magic mapping {unknown}
 p - a scroll of enchant weapon
Potions
 o - a potion of mutation {unknown}
 r - 3 potions of heal wounds {unknown}
 t - a potion of agility {unknown}
 u - a potion of flight {unknown}
 x - a potion of might {unknown}
Comestibles
 e - 2 bread rations
 k - 2 meat rations
 m - a royal jelly
 n - 2 slices of pizza
 w - a beef jerky
 z - a chunk of flesh


   Skills:
 + Level 6.6 Fighting
 - Level 2.9 Axes
 - Level 1.7 Throwing
 - Level 0.2 Armour
 - Level 2.5 Dodging


You had 5 spell levels left.
You didn't know any spells.

Dungeon Overview and Level Annotations

Branches:
Dungeon (3/15)

Altars:
Fedhas
The Shining One


Innate Abilities, Weirdness & Mutations

You are resistant to torment.
Your stone body is resilient (AC +4).
You are immune to poison.
You resist negative energy.
You are resistant to electric shocks.
You can survive without breathing.
You are immune to petrification.
You are immune to rotting.


Message History

Your unstable footing causes you to fumble your attack.
The giant frog hits you.
* * * LOW HITPOINT WARNING * * *
The giant gecko splashes around in the water.
The giant frog barely misses you. x2
The giant gecko barely misses you.
You slash the giant frog!
You kill the giant frog!
Your Fighting skill increases to level 6!
You have reached level 6!
Your experience leads to an increase in your attributes!
Increase (S)trength, (I)ntelligence, or (D)exterity?
You feel stronger.
You closely miss the giant gecko. You closely miss the giant frog.
The giant frog is heavily wounded.
The giant frog closely misses you.
The giant gecko splashes around in the water.
Your unstable footing causes you to fumble your attack.
The giant frog hits you.
You die...

#.≈#†≈≈#≈≈## ##≈.#≈†≈#
#†≈#≈###.≈#≈≈.≈.≈≈#≈≈##≈≈#
#≈.#≈#.≈≈##≈..≈≈≈≈##††#.≈#
#≈≈#≈#∩≈≈#≈≈≈.≈≈.≈≈#≈≈#.≈#
#≈≈#†#.≈≈#≈≈≈≈≈.≈≈≈#≈≈#.≈#
#≈≈#≈##.†#..≈≈.$.≈≈#.≈#.≈#
#≈≈#≈≈#.≈#≈≈.≈$).≈≈#≈≈#.≈#
#≈≈#≈≈#..#≈≈l?...≈≈#≈≈#≈≈#
#≈.≈≈≈#..##@F≈:.≈≈##≈≈#≈≈#
#.≈≈≈≈#.≈≈≈.≈≈.≈≈≈#.≈##≈≈#
#≈...≈###≈≈≈≈≈.≈≈##≈≈#≈.≈#
#######.###≈≈≈≈≈##.≈≈#≈.##
#.≈≈≈≈#######≈≈.##≈≈#
#≈≈≈.≈≈.≈≈≈≈†≈..#.≈≈#
##.≈##...≈≈≈≈≈.##≈≈##
##≈≈##≈≈≈≈≈†≈##≈≈≈#
#.≈≈###..≈###.≈≈≈#


You could see a giant frog and a giant gecko.

Vanquished Creatures
  A giant frog (Sewer)
  3 adders (D:2)
  A river rat (D:3)
  13 oozes
  12 giant cockroaches
  5 hobgoblins
  4 jackals (D:3)
  8 ball pythons
  5 bats
  14 giant geckos
  8 giant newts
  2 goblins (D:2)
  4 kobolds
  6 rats
86 creatures vanquished.

Notes
Turn   | Place    | Note
--------------------------------------------------------------
     0 | D:1      | NobbyNobbs the Gargoyle Gladiator began the quest for the Orb.
     0 | D:1      | Reached XP level 1. HP: 12/12 MP: 1/1
   349 | D:1      | Reached XP level 2. HP: 11/18 MP: 2/2
   501 | D:2      | Found a blossoming altar of Fedhas.
   529 | D:2      | Reached skill level 3 in Fighting
   582 | D:2      | Reached XP level 3. HP: 23/23 MP: 3/3
   944 | D:2      | Reached skill level 4 in Fighting
  1043 | D:2      | Found a glowing golden altar of the Shining One.
  1381 | D:3      | Reached XP level 4. HP: 29/29 MP: 4/4
  1536 | D:3      | Found a glowing drain.
  1540 | Sewer    | Entered a sewer
  1590 | Sewer    | Reached skill level 5 in Fighting
  1640 | Sewer    | Reached XP level 5. HP: 24/35 MP: 5/5
  1845 | Sewer    | Noticed a giant frog
  1846 | Sewer    | Noticed a giant frog
  1866 | Sewer    | Killed a giant frog
  1866 | Sewer    | Reached skill level 6 in Fighting
  1866 | Sewer    | Reached XP level 6. HP: 4/42 MP: 6/6
  1867 | Sewer    | Slain by a giant frog

Action                   |  1- 3 |  4- 6 || total
-------------------------+-------+-------++-------
Melee: War axe           |    66 |   214 ||   280
  Use: Scroll            |     4 |       ||     4
       Potion            |       |     3 ||     3
 Stab: Sleeping          |     3 |       ||     3
  Eat: Chunk             |     1 |     3 ||     4
